 Dungeon Crawl Stone Soup version 0.30-a0-924-g0ad0bf95bc (webtiles) character file.

Game seed: 220314459975789557

476 FexLirch the Cleaver (level 7, -2/50 (56) HPs)
             Began as a Hill Orc Reaver on Mar 22, 2023.
             Killed by divine providence
             ... invoked by an orc priest
              (12 damage)
             ... on level 4 of the Dungeon.
             The game lasted 00:08:14 (3257 turns).

FexLirch the Cleaver (Hill Orc Reaver)              Turns: 3257, Time: 00:08:15

HP:   -2/50 (56)    AC:  6    Str: 17    XL:     7   Next: 10%
MP:   2/9           EV: 11    Int: 13    God:
Gold: 57            SH:  0    Dex:  9    Spells: 6/9 levels left

rFire   . . .      SeeInvis .    a - +0 hand axe
rCold   . . .      Faith    .    (no shield)
rNeg    . . .      Spirit   .    b - +0 leather armour
rPois   .          Reflect  .    x - +0 helmet
rElec   .          Rampage  .    (no cloak)
rCorr   .                        w - +0 pair of gloves
Will    .....                    g - +0 pair of boots
Stlth   +                        (no amulet)
HPRegen 0.28/turn                (no ring)
MPRegen 0.11/turn                (no ring)

@: immotile, hasted, heavily drained, very quick
A: no striking features
a: Convert to Beogh


You were on level 4 of the Dungeon.
You visited 1 branch of the dungeon, and saw 4 of its levels.

You collected 122 gold pieces.
You spent 65 gold pieces at shops.

Inventory:

Hand Weapons
 a - a +0 hand axe (weapon)
Missiles
 e - 42 stones
 i - 5 javelins
 s - 5 boomerangs
 v - 6 poisoned darts
Armour
 b - a +0 leather armour (worn)
 g - a +0 pair of boots (worn)
 w - a +0 pair of gloves (worn)
 x - a +0 helmet (worn)
Scrolls
 c - 2 scrolls of enchant weapon
 f - 3 scrolls of teleportation
 h - 2 scrolls of magic mapping
 j - a scroll of butterflies {unknown}
 m - a scroll of torment {unknown}
 p - a scroll of silence {unknown}
 q - a scroll of noise {unknown}
 t - 3 scrolls of vulnerability
 y - a scroll of blinking {unknown}
 A - 2 scrolls of amnesia {unknown}
Potions
 d - a potion of haste
 k - 3 potions of curing
 l - a potion of heal wounds
 n - 2 potions of brilliance
 o - a potion of might {unknown}
 r - a potion of degeneration {unknown}
 u - a potion of magic {unknown}
 z - a potion of mutation


   Skills:
 - Level 2.4 Fighting
 + Level 10.3 Axes
 - Level 1.5 Dodging
 - Level 1.5 Spellcasting
 - Level 3.0 Conjurations


You had 6 spell levels left.
You knew the following spells:

 Your Spells              Type           Power      Damage    Failure   Level
a - Kiss of Death         Conj/Necr      16%        2d6       19%         1
b - Momentum Strike       Conj/Tloc      8%         3d8       26%         2

Your spell library contained the following spells:

 Spells                   Type           Power      Damage    Failure   Level
 Summon Small Mammal      Summ           4%         N/A       32%         1
 Ensorcelled Hibernation  Hex/Ice        2%         N/A       45%         2
 Hailstorm                Conj/Ice       4%         3d4       47%         3
 Call Canine Familiar     Summ           1%         N/A       69%         3
 Confusing Touch          Hex            1%         N/A       69%         3
 Ignite Poison            Fire/Tmut/Pois 1%         N/A       69%         3
 Kindle Blastsparks       Fire/Tloc/Air  2%         2d10      69%         3
 Ozocubu's Armour         Ice            1%         N/A       69%         3
 Spider Form              Tmut/Pois      1%         N/A       69%         3
 Summon Guardian Golem    Hex/Summ       1%         N/A       69%         3
 Anguish                  Hex/Necr       0%         N/A       97%         4
 Dispel Undead            Necr           1%         3d6       97%         4
 Freezing Cloud           Conj/Ice/Air   1%         6-21      99%         5
 Ozocubu's Refrigeration  Ice            0%         4d7       100%        7


Dungeon Overview and Level Annotations

Branches:
Dungeon (4/15)
 Temple: D:4-7

Altars:
Gozag
Ru
Yredelemnul

Shops:
D:2 !

Annotations:
D:4 Dowan, Ijyb


Message History

Confirm with . or Enter, or press ? or * to list all spells.
Aiming: Momentum Strike (dangerous; 26% risk of failure)
Press: ? - help, Dir - move target, f/p - orc priest
Aim: an orc priest, wielding a +0 hand axe (heavily wounded, 68% to hit)
The concentrated momentum hits the orc priest.
The orc priest is severely wounded.
You are unable to move.
The orc wizard hits you but does no damage.
The orc wizard hits you with a +2 dagger of speed.
* * * LOW HITPOINT WARNING * * *
The orc wizard hits you but does no damage.
The orc priest begins to cast a cantrip, but forgets the words!
You feel much better.
The orc wizard hits you with a +2 dagger of speed.
The orc wizard closely misses you.
You feel yourself speed up.
The orc wizard hits you with a +2 dagger of speed.
The orc wizard gestures at you while chanting.
You are confused.
The orc priest mumbles some strange prayers to Beogh against you.
Beogh smites you! The orc wizard closely misses you.
You feel better.
Your magical contamination has completely faded away.
You barely miss the orc wizard.
The orc wizard is moderately wounded.
You barely miss the orc wizard. The orc wizard closely misses you.
The orc priest calls down the wrath of Beogh upon you.
Beogh smites you!
* * * LOW HITPOINT WARNING * * *
You closely miss the orc wizard.
The orc wizard is moderately wounded.
You hit the orc wizard but do no damage.
The orc wizard hits you with a +2 dagger of speed.
* * * LOW HITPOINT WARNING * * *
You hit the orc wizard but do no damage.
The orc wizard is moderately wounded.
You completely miss the orc wizard.
The orc priest calls down the wrath of Beogh upon you.
Beogh smites you!
You die...

,,,***,,,,,* *,,*#..,* ##.###.#
****
**,,,,*##*#..)#..#####..##.. **
**,>,,*#.#..............##.#
,**
*,..,,,....................#
,,*
*,...,,,o..#...............#
*,*
**,....,,o..#.............###
*,* *,,....###J#*.............#
,,***,,#.S.o.#g#####..........#
,,,,,,,........#@.8#.........##
,,,,,,,......gooo._#...)....##
,,,,,,,.......o#..8#....))###
,,*,,,,#.....#.#####.#....#
,**,,**##............##..##
,***** ##........>..##...# **
#..............### *
##...##........#
####*###..#..##


You could see an orc priest, 2 orc wizards, an orc and a goblin.

Vanquished Creatures
  Duvessa (D:4)
  A kobold brigand (D:3)
  A scorpion (D:4)
  An orc priest (D:4)
  A sleepcap (D:4)
  Natasha (twice) (D:3)
  5 adders
  2 worms (D:2)
  3 dart slugs
  7 orcs
  10 ball pythons
  8 endoplasms
  4 giant cockroaches
  5 goblins
  2 hobgoblins
  2 jackals (D:1)
  8 kobolds
  2 quokkas
  7 bats
  5 frilled lizards
  6 rats
83 creatures vanquished.

Notes
Turn   | Place    | Note
-------+----------+-------------------------------------------
     0 | D:1      | FexLirch the Hill Orc Reaver began the quest for the Orb.
     0 | D:1      | Reached XP level 1. HP: 18/18 MP: 3/3
   201 | D:1      | Reached XP level 2. HP: 24/25 MP: 4/4
   301 | D:1      | Reached skill level 5 in Axes
   462 | D:1      | Learned a level 2 spell: Momentum Strike
   588 | D:1      | Reached XP level 3. HP: 30/30 MP: 5/5
  1066 | D:2      | Found Makkocot's Distillery.
  1073 | D:2      | Reached skill level 6 in Axes
  1104 | D:2      | Bought a potion of heal wounds for 65 gold pieces
  1291 | D:2      | Reached XP level 4. HP: 37/37 MP: 6/6
  1701 | D:3      | Noticed Natasha
  1708 | D:3      | Killed Natasha
  1709 | D:3      | Reached skill level 7 in Axes
  1989 | D:3      | Noticed Natasha
  1996 | D:3      | Killed Natasha
  1997 | D:3      | Reached XP level 5. HP: 22/41 MP: 2/7
  2189 | D:3      | Noticed a kobold brigand
  2203 | D:3      | Killed a kobold brigand
  2204 | D:3      | Reached skill level 8 in Axes
  2509 | D:4      | Reached XP level 6. HP: 37/50 MP: 2/8
  2876 | D:4      | Noticed Ijyb
  2877 | D:4      | Paralysed by Ijyb for 4 turns
  2908 | D:4      | Found a basalt altar of Yredelemnul.
  2908 | D:4      | Found a sacrificial altar of Ru.
  2932 | D:4      | Reached skill level 9 in Axes
  2943 | D:4      | Noticed Duvessa
  2944 | D:4      | Noticed Dowan
  2959 | D:4      | Killed Duvessa
  2960 | D:4      | Reached skill level 10 in Axes
  3095 | D:4      | Reached XP level 7. HP: 43/49 MP: 9/9
  3222 | D:4      | Found an opulent altar of Gozag.
  3257 | D:4      | Killed from afar by an orc priest

Illustrated notes

Levels and vault maps discovered:
D:1:      lightli_arrival_quake, layout_loops_cross
D:2:      layout_basic, serial_shops, shop
D:3:      layout_rooms, minmay_misc_feat_plants, minivault_25, uniq_natasha
D:4:      cheibrodos_quashed, layout_cave_pools,
          chequers_temple_overflow_minitemple, grunt_gozag_breadcrumbs,
          gammafunk_temple_overflow_statue, minmay_increasing_density,
          uniq_ijyb, uniq_duvessa

Skill      XL: |  1  2  3  4  5  6 |
---------------+-------------------+-----
Axes           | 5 6 7 8 10 | 10.3
Fighting       | |  2.4
Dodging        | |  1.5
Spellcasting   | |  1.5
Conjurations   | |  3.0

Action                     |  1- 3 |  4- 6 |  7- 9 || total
---------------------------+-------+-------+-------++-------
  Melee: Hand axe          |   137 |   140 |    37 ||   314
         Punch             |     1 |     1 |       ||     2
   Cast: Momentum Strike   |     2 |     9 |     4 ||    15
         Kiss of Death     |       |     3 |       ||     3
    Use: Potion            |       |     1 |     5 ||     6
         Scroll            |       |     4 |     4 ||     8
 Armour: Leather armour    |    41 |    36 |    13 ||    90
  Dodge: Dodged            |    80 |    69 |    26 ||   175

Table legend: (Time is in decaauts)
 A = Elapsed time spent in this place.
 B = Non-inter-level travel time spent in this place.
 C = Inter-level travel time spent in this place.
 D = Time resting spent in this place.
 E = Time spent auto-exploring this place.
 F = Levels seen in this place.
 G = Mean time per level.
                   A        B        C        D        E       F      G
               +--------+--------+--------+--------+--------+-----+--------+
         Total |   3259 |   3065 |    194 |    306 |   1847 |   4 |  814.8 |
       Dungeon |   3259 |   3065 |    194 |    306 |   1847 |   4 |  814.8 |
               +--------+--------+--------+--------+--------+-----+--------+

Top non-repeatable levels by time:
     D:1: 968 daAuts
     D:2: 828 daAuts
     D:3: 739 daAuts
     D:4: 723 daAuts
